 Dungeon Crawl Stone Soup version 0.31-a0-574-g69dc8cc98e (webtiles) character file.

Game seed: 3719544903118537023

19315 arthad the Covert (level 12, -13/60 HPs)
             Began as a Spriggan Enchanter on Aug 16, 2023.
             Was an Initiate of Gozag.
             Killed by divine providence
             ... invoked by a meliai
              (16 damage)
             ... on level 14 of the Dungeon on Aug 18, 2023.
             The game lasted 01:02:33 (17264 turns).

arthad the Covert (Spriggan Enchanter)             Turns: 17264, Time: 01:02:34

Health: -13/60     AC:  5    Str:  7    XL:     12   Next: 35%
Magic:  17/26      EV: 25    Int: 12    God:    Gozag
Gold:   3183       SH:  5    Dex: 21    Spells: 17/29 levels left

rFire   . . .        S - +0 shortbow (flame)
rCold   . . .        (shield currently unavailable)
rNeg    . . .        e - +2 animal skin "Juletym" {Regen+ Stlth+}
rPois   +            (helmet restricted)
rElec   .            o - +0 cloak
rCorr   +            (gloves unavailable)
SInv    +            (boots unavailable)
Will    ++...        k - amulet of reflection
Stlth   ++++++       v - ring of resist corrosion
HPRegen 1.10/turn    y - ring of Qemoschel {+Blink rPois Str+3 Int-4}
MPRegen 0.20/turn

%: reflection
@: very quick
A: very small, no large weapons, unfitting armour, see invisible, speed 3
a: Renounce Religion, Evoke Blink, Potion Petition, Call Merchant, Bribe Branch


You were on level 14 of the Dungeon.
You worshipped Gozag.
Gozag was most pleased with you.
You visited 1 branch of the dungeon, and saw 14 of its levels.

You collected 3616 gold pieces.
You spent 280 gold pieces at shops.
You paid 153 gold pieces to Gozag.

Inventory:

Hand Weapons
 a - a +1 dagger
 h - a +0 sling
 m - a +1 dagger of speed
 n - a +2 quarterstaff of chaos
 M - a +7 heavy spear
 S - a +0 shortbow of flaming (weapon)
 X - a +0 orcbow
Missiles
 s - 39 poisoned darts
Armour
 b - a +0 robe
 e - the +2 animal skin "Juletym" (worn) {Regen+ Stlth+}
   (You acquired it on level 6 of the Dungeon)

   Regen+:    It increases your rate of health regeneration.
   Stlth+:    It makes you more stealthy.
 o - a +0 cloak (worn)
 J - a +2 robe of fire resistance
 L - an orb of wrath
 N - a +0 buckler
 P - a +2 robe of positive energy
Magical Staves
 f - a staff of conjuration
 p - a staff of poison
 K - a staff of earth
Jewellery
 k - an amulet of reflection (around neck)
 v - a ring of resist corrosion (left hand)
 y - the ring of Qemoschel (right hand) {+Blink rPois Str+3 Int-4}
   (You acquired it on level 5 of the Dungeon)

   [ring of poison resistance]

   Str+3:     It affects your strength (+3).
   Int-4:     It affects your intelligence (-4).
   rPois:     It protects you from poison +Blink: It lets you blink.
 E - an amulet of magic regeneration
Wands
 d - a wand of polymorph (10)
 B - a wand of roots (2)
 D - a wand of paralysis (3)
 O - a wand of flame (9)
Scrolls
 j - 4 scrolls of fog
 q - 2 scrolls of amnesia
 r - 3 scrolls of enchant weapon
 t - a scroll of fear
 u - a scroll of silence
 C - a scroll of brand weapon
 F - 8 scrolls of teleportation
 G - 3 scrolls of poison
 I - 2 scrolls of revelation
 Q - 2 scrolls of enchant armour {unknown}
 U - 4 scrolls of noise {unknown}
 V - 3 scrolls of identify
 W - a scroll of torment {unknown}
 Y - a scroll of immolation {unknown}
Potions
 c - 2 potions of invisibility
 g - a potion of enlightenment
 i - 3 potions of lignification
 l - 3 potions of curing
 w - a potion of haste
 x - 2 potions of berserk rage
 z - 2 potions of resistance
 A - a potion of ambrosia {unknown}
 H - a potion of cancellation {unknown}
 R - 2 potions of brilliance {unknown}
 T - a potion of attraction {unknown}
 Z - a potion of mutation {unknown}


   Skills:
 + Level 5.9 Fighting
 - Level 1.9 Short Blades
 * Level 10.1 Ranged Weapons
 + Level 9.9 Dodging
 + Level 12.0 Stealth
 + Level 9.2 Spellcasting
 - Level 4.0 Hexes
 + Level 7.7 Translocations
 + Level 4.8 Air Magic
 + Level 5.3 Poison Magic
 + Level 6.2 Evocations


You had 17 spell levels left.
You knew the following spells:

 Your Spells              Type           Power      Damage    Failure   Level
a - Confusing Touch       Hex            15%        N/A       8%          3
b - Tukima's Dance        Hex            15%        N/A       8%          3
c - Ensorcelled Hibernat  Hex/Ice        20%        N/A       9%          2
d - Blink                 Tloc           48%        N/A       1%          2
e - Poisonous Vapours     Pois/Air       34%        N/A       2%          2

Your spell library contained the following spells:

 Spells                   Type           Power      Damage    Failure   Level
 Shock                    Conj/Air       44%        1d5       4%          1
 Sting                    Tmut/Pois      44%        1d5       4%          1
 Swiftness                Air            17%        N/A       5%          3
 Manifold Assault         Tloc           24%        N/A       5%          4
 Summon Small Mammal      Summ           20%        N/A       13%         1
 Olgreb's Toxic Radiance  Pois           18%        N/A       14%         4
 Dazzling Flash           Conj/Hex       20%        N/A       17%         3
 Summon Guardian Golem    Hex/Summ       10%        N/A       17%         3
 Airstrike                Air            8%         2d(2-18)  17%         4
 Scorch                   Fire           10%        2d5       21%         2
 Call Canine Familiar     Summ           5%         N/A       36%         3
 Anguish                  Hex/Necr       5%         N/A       50%         4
 Silence                  Hex/Air        8%         N/A       50%         5
 Flame Wave               Conj/Fire      5%         2d5       78%         4
 Agony                    Necr           5%         N/A       98%         5
 Summon Cactus Giant      Summ           2%         N/A       100%        6


Dungeon Overview and Level Annotations

Branches:
Dungeon (14/15)            Temple (0/1) D:6            Lair (0/5) D:10
    Orc (0/2) D:9
 Vaults: D:13-14

Altars:
Elyvilon
Gozag
Makhleb
Okawaru
Qazlal
Trog
Uskayaw
Vehumet
Yredelemnul
Zin

Portals:
Trove: D:12 (give 18 potions of curing)

Annotations:
D:5 2 transporters
D:6 Dowan, Duvessa
D:8 3 runed translucent doors, ytrimaz's ghost, novice DsSh
D:11 2 transporters, experimilk's ghost, journeyman TrGl


Innate Abilities, Weirdness & Mutations

You are very small and have problems with some larger weapons.
You are too small for most types of armour.
You have supernaturally acute eyesight. (SInv)
You cover ground extremely quickly. (Speed+++)


Message History

Okay, then.
Casting: Blink (safe; 1% risk of failure)
Confirm with . or Enter, or press ? or * to list all spells.
Aiming: Tukima's Dance (dangerous; 8% risk of failure)
Press: ? - help, Shift-Dir - straight line, f/p - meliai
Aim: a meliai, wielding a +0 war axe and wearing a +0 leather armour (chance to affect: 49%)
The +0 war axe dances into the air!
You block the meliai's attack. The meliai closely misses you.
The meliai barely misses you. The meliai stings you.
Casting: Tukima's Dance (dangerous; 8% risk of failure)
Confirm with . or Enter, or press ? or * to list all spells.
Aiming: Tukima's Dance (dangerous; 8% risk of failure)
Press: ? - help, Shift-Dir - straight line, f - meliai, p - meliai
Aim: a meliai, wielding a +0 war axe, wearing a +0 leather armour and wearing an amulet of faith (chance to affect: 49%)
The +0 war axe dances into the air!
The meliai completely misses you. The meliai misses you.
You block the meliai's attack. The meliai misses you.
The meliai barely misses you. The meliai misses you.
Casting: Tukima's Dance (dangerous; 8% risk of failure)
Confirm with . or Enter, or press ? or * to list all spells.
Aiming: Poisonous Vapours (safe; 2% risk of failure)
Press: ? - help, Dir - move target, f/p - meliai
Aim: a meliai, wearing a +0 leather armour and wearing an amulet of faith (ally target) Poisonous vapours surround the meliai!
The meliai is poisoned.
You feel stable enough to blink again. You block the meliai's attack.
The meliai closely misses you. The meliai completely misses you.
The meliai stings you but does no damage.
The meliai hits you. The meliai completely misses you.
The meliai hits you but does no damage. The meliai stings you!
* * * LOW HITPOINT WARNING * * *
The cyclops closely misses you.
The meliai mumbles some strange prayers to its god against you.
Something smites you!
* * * LOW HITPOINT WARNING * * *
The meliai misses you. x2; The meliai closely misses you.
You block the meliai's attack.
The meliai calls down the wrath of its god upon you.
Something smites you!
You die...
Your body crumbles into a pile of gold.

..####...........#
### #..###.####.#
#..###.####.## ##
#..#.........# .##
#..#.#.###...# ..#
#......# #.!(# ..#
##.#.#.###$Cy# #.#
#.......(.y.# #.#
#.#.###.#.@.# #.#
#...........# #.#
#.#.###.#.#.# #.#
#.#.........# #.#
#.#####.#.###
#.#####.# #...#
#.......# #..##
...###### .. ####


You could see a cyclops, 2 meliai and 2 friendly dancing weapons.

Vanquished Creatures
  A hydra (D:12)
  A boulder beetle (D:13)
  A tengu warrior (D:13)
  A two-headed ogre (D:10)
  3 deep elf pyromancers
  An ugly thing (D:13)
  4 cyclopes
  Joseph (D:7)
  A guardian serpent (shapeshifter) (D:14)
  2 gargoyles
  A komodo dragon (D:7)
  A tengu conjurer (D:12)
  4 trolls
  A meliai (D:14)
  A wolf spider simulacrum (D:14)
  Prince Ribbit (D:8)
  4 slime creatures
  A shadow (D:10)
  A vampire (D:10)
  2 wraiths
  15 yaks
  A wyvern (D:9)
  A basilisk (D:12)
  6 vampire mosquitoes
  Menkaure (D:7)
  4 acid dragons
  2 water moccasins
  A black bear (D:8)
  3 ice beasts
  6 orc warriors
  3 sky beasts
  2 centaurs
  An ogre (D:7)
  A phantom (D:6)
  3 kobold brigands
  7 bullfrogs
  3 scorpions
  A gnoll sergeant (D:8)
  11 wights
  4 howler monkeys
  8 crimson imps
  5 hounds
  4 jellies
  Crazy Yiuf (D:2)
  8 orc priests
  3 sleepcaps
  2 iguanas (D:6)
  11 orc wizards
  24 gnolls
  6 adders
  2 shadow imps (D:8)
  4 white imps
  4 worms
  2 dart slugs
  31 orcs
  5 ball pythons
  3 endoplasms
  4 goblins
  10 hobgoblins
  13 jackals
  61 kobolds
  4 quokkas
  4 bats
  A frilled lizard (D:1)
  4 rats
333 creatures vanquished.

Vanquished Creatures (collateral kills)
  A two-headed ogre (D:9)
  Edmund (D:6)
  2 gnolls
4 creatures vanquished.

Vanquished Creatures (others)
  7 dancing weapons
  A kobold brigand (D:3)
  A kobold zombie (D:3)
9 creatures vanquished.

Grand Total: 346 creatures vanquished

Notes
Turn   | Place    | Note
-------+----------+-------------------------------------------
     0 | D:1      | arthad the Spriggan Enchanter began the quest for the Orb.
     0 | D:1      | Reached XP level 1. HP: 9/9 MP: 5/5
   261 | D:1      | Reached XP level 2. HP: 13/13 MP: 6/6
   737 | D:1      | Reached XP level 3. HP: 16/16 MP: 8/8
   977 | D:2      | Reached skill level 5 in Stealth
  1303 | D:2      | Found an iron altar of Okawaru.
  1333 | D:2      | Reached XP level 4. HP: 21/21 MP: 9/9
  1414 | D:2      | Reached skill level 1 in Ranged Weapons
  1663 | D:2      | Found a runed translucent door.
  1664 | D:2      | Noticed Crazy Yiuf
  1807 | D:2      | Killed Crazy Yiuf
  2056 | D:3      | Reached XP level 5. HP: 25/25 MP: 11/11
  2503 | D:3      | Reached skill level 1 in Fighting
  2859 | D:3      | Reached XP level 6. HP: 30/30 MP: 13/13
  3053 | D:3      | Reached skill level 6 in Stealth
  3676 | D:4      | Found a glowing silver altar of Zin.
  4676 | D:5      | Entered Level 5 of the Dungeon
  4697 | D:5      | Found a hide-covered altar of Uskayaw.
  4794 | D:5      | Reached XP level 7. HP: 35/35 MP: 14/14
  4900 | D:5      | Identified 2 scrolls of acquirement
  4900 | D:5      | Acquired the ring of Qemoschel {+Blink rPois Str+3 Int-4}
  5128 | D:5      | Found a transporter.
  5128 | D:5      | Found a transporter.
  5203 | D:5      | Learned a level 3 spell: Confusing Touch
  5207 | D:5      | Learned a level 3 spell: Tukima's Dance
  5210 | D:5      | Learned a level 2 spell: Ensorcelled Hibernation
  5402 | D:4      | Reached skill level 5 in Dodging
  5739 | D:5      | Found a white marble altar of Elyvilon.
  5977 | D:5      | Reached skill level 7 in Stealth
  5977 | D:5      | Reached skill level 5 in Spellcasting
  6450 | D:6      | Acquired the +2 animal skin "Juletym" {Regen+ Stlth+}
  6510 | D:5      | Reached XP level 8. HP: 39/39 MP: 16/16
  6712 | D:6      | Reached skill level 5 in Ranged Weapons
  6764 | D:6      | Noticed Duvessa
  6766 | D:6      | Noticed Dowan
  6823 | D:5      | Upgraded the game from 0.31-a0-557-g6e16503903 to
                  | 0.31-a0-564-g3b7de120b3
  7405 | D:6      | Reached skill level 8 in Stealth
  7598 | D:6      | Found an opulent altar of Gozag.
  7791 | D:6      | Found a basalt altar of Yredelemnul.
  7844 | D:6      | Noticed Edmund
  7877 | D:6      | Killed Edmund
  7939 | D:6      | Found a staircase to the Ecumenical Temple.
  8010 | D:6      | Became a worshipper of Gozag Ym Sagoz the Greedy
  8061 | D:6      | Acquired 773 gold pieces
  8066 | D:6      | Learned a level 2 spell: Blink
  8069 | D:6      | Learned a level 2 spell: Poisonous Vapours
  8133 | D:7      | Reached XP level 9. HP: 44/44 MP: 19/19
  8154 | D:7      | Noticed Joseph
  8191 | D:7      | Killed Joseph
  8192 | D:7      | Reached skill level 1 in Translocations
  8192 | D:7      | Reached skill level 1 in Air Magic
  8192 | D:7      | Reached skill level 1 in Poison Magic
  8447 | D:7      | Noticed Jeremiah
  8494 | D:7      | Found Laschuuc's Magic Scroll Emporium.
  8502 | D:7      | Bought a scroll of teleportation for 30 gold pieces
  8502 | D:7      | Bought a scroll of teleportation for 30 gold pieces
  8502 | D:7      | Bought a scroll of teleportation for 30 gold pieces
  8502 | D:7      | Bought a scroll of revelation for 75 gold pieces
  8502 | D:7      | Bought a scroll of poison for 40 gold pieces
  8502 | D:7      | Bought a scroll of revelation for 75 gold pieces
  8653 | D:7      | Reached skill level 9 in Stealth
  8685 | D:7      | Noticed Menkaure
  8697 | D:7      | Killed Menkaure
  8806 | D:7      | Jeremiah changed into Jeremiah the komodo dragon
  8806 | D:7      | Noticed Jeremiah
  8928 | D:7      | Killed Jeremiah the komodo dragon
  9246 | D:8      | Noticed Prince Ribbit
  9495 | D:8      | Reached skill level 1 in Evocations
  9764 | D:8      | Reached XP level 10. HP: 42/50 MP: 21/21
  9879 | D:8      | Killed Prince Ribbit
 10038 | D:8      | Found a runed translucent gate.
 10038 | D:8      | Found a runed translucent gate.
 10043 | D:8      | Found a runed translucent gate.
 10043 | D:8      | Noticed ytrimaz's ghost (novice DsSh)
 10356 | D:8      | Found a burning altar of Makhleb.
 10356 | D:8      | Found a radiant altar of Vehumet.
 10940 | D:9      | Noticed a two-headed ogre
 11073 | D:9      | Killed a two-headed ogre
 11074 | D:9      | Reached skill level 10 in Stealth
 11469 | D:9      | Found a stormy altar of Qazlal.
 11647 | D:9      | Reached skill level 5 in Translocations
 11838 | D:9      | Found a staircase to the Orcish Mines.
 11913 | D:10     | Entered Level 10 of the Dungeon
 11965 | D:9      | Reached skill level 5 in Fighting
 12028 | D:10     | Reached XP level 11. HP: 55/55 MP: 23/23
 12035 | D:10     | Found a bloodstained altar of Trog.
 12054 | D:10     | Found a staircase to the Lair.
 12216 | D:10     | Noticed a two-headed ogre
 12274 | D:10     | Killed a two-headed ogre
 12497 | D:10     | Noticed a two-headed ogre
 13452 | D:11     | Noticed a boulder beetle
 13592 | D:11     | Found a transporter.
 13593 | D:11     | Found a transporter.
 13593 | D:11     | Noticed experimilk's ghost (journeyman TrGl)
 13594 | D:11     | Identified the +1 great mace "Daec Eqy" {freeze, Str+6 SInv
                  | Stlth-}
 13594 | D:11     | Noticed a two-headed ogre
 13595 | D:11     | Noticed a two-headed ogre
 13598 | D:11     | Noticed a two-headed ogre
 13780 | D:11     | Reached skill level 11 in Stealth
 14599 | D:12     | Reached skill level 5 in Evocations
 14929 | D:12     | Found a portal to a secret trove of treasure.
 15250 | D:13     | Noticed a tengu warrior
 15288 | D:13     | Noticed a seven-headed hydra
 15334 | D:12     | Killed a seven-headed hydra
 15428 | D:13     | Noticed a boulder beetle
 15447 | D:13     | Killed a boulder beetle
 15499 | D:13     | Noticed a deep elf pyromancer
 15505 | D:13     | Killed a deep elf pyromancer
 15506 | D:13     | Reached XP level 12. HP: 60/60 MP: 25/25
 15859 | D:13     | Reached skill level 5 in Poison Magic
 16028 | D:13     | Killed a tengu warrior
 16502 | D:14     | Noticed a boulder beetle
 16512 | D:13     | Upgraded the game from 0.31-a0-564-g3b7de120b3 to
                  | 0.31-a0-574-g69dc8cc98e
 16828 | D:13     | Reached skill level 10 in Ranged Weapons
 17051 | D:14     | Found a radiant altar of Vehumet.
 17188 | D:14     | Reached skill level 12 in Stealth
 17264 | D:14     | HP: 3/60 [meliai/divine providence (12)]
 17264 | D:14     | Killed from afar by a meliai

Illustrated notes

Levels and vault maps discovered:
D:1:      dpeg_arrival_simpleton_a, layout_basic
D:2:      layout_loops_ring, basic_altar, uniq_crazy_yiuf_cottage
D:3:      minmay_goblin_kobold_castle, layout_basic, serial_rivers,
          chequers_serial_rivers_large_b, chequers_serial_rivers_small_3,
          chequers_serial_rivers_large_a, chequers_serial_rivers_micro_c,
          chequers_serial_rivers_micro_b, grunt_ministairs_14
D:4:      layout_gridville, zin_academy, hellmonk_no_cap
D:5:      layout_basic, elyvilon_altar_1, nicolae_uskayaw_suspiria,
          gammafunk_ghost_gnarly_gnolls, hangedman_abyss_or_decor_passed
D:6:      layout_loops_ring, nicolae_overflow_crystal_walls,
          nicolae_gozag_seed_capital, minmay_temple_entry_proselytizer,
          grunt_decor_cap, minmay_misc_feat_encased, uniq_duvessa, uniq_edmund
D:7:      layout_basic, serial_shops, shop, uniq_jeremiah, uniq_menkaure,
          uniq_joseph
D:8:      minmay_general_purpose_star, layout_basic,
          grunt_temple_overflow_lords_of_destruction, gammafunk_ghost_spectres,
          uniq_prince_ribbit1
D:9:      layout_roguey, mainiacjoe_overflow_six_doors_small,
          minmay_orc_entry_temple_small
D:10:     layout_stronghold, old_standard_altar, lair_entry_dummy
D:11:     layout_rooms, gammafunk_ghost_smash
D:12:     layout_loops_ring, nicolae_trove_entry_columns, minmay_nine_imps
D:13:     layout_cave_pods
D:14:     layout_loops_ring, erik_vaults_2, nicolae_vehumet_altar_sigil

Skill      XL: |  1  2  3  4  5  6  7  8  9 10 11 12 |
---------------+-------------------------------------+-----
Dodging        | 3 4 5 6 7 8 9 |  9.9
Spellcasting   | 3 4 5 6 7 8 9 |  9.2
Hexes          | 4 |  4.0
Stealth        | 5 6 7 8 9 10 11 12 | 12.0
Ranged Weapons | 1 2 3 4 6 7 8 9 10 | 10.1
Fighting       | 1 2 3 4 5 |  5.9
Translocations | 3 5 7 |  7.7
Air Magic      | 2 3 4 |  4.8
Poison Magic   | 2 3 4 5 |  5.3
Evocations     | 1 3 5 6 |  6.2
Short Blades   | |  1.9

Action                     |  1- 3 |  4- 6 |  7- 9 | 10-12 || total
---------------------------+-------+-------+-------+-------++-------
  Melee: Dagger            |    85 |       |       |       ||    85
         Quarterstaff      |       |    11 |    15 |       ||    26
         Sling             |       |       |     3 |       ||     3
         Unarmed           |       |       |    18 |       ||    18
         Spear             |       |       |       |    24 ||    24
         Punch             |       |       |       |     1 ||     1
   Fire: Sling             |    53 |   370 |   769 |   350 ||  1542
         Shortbow          |       |       |       |   817 ||   817
  Throw: Dart              |       |       |       |     1 ||     1
   Cast: Ensorcelled Hiber |       |       |    11 |     1 ||    12
         Tukima's Dance    |       |       |     7 |    35 ||    42
         Confusing Touch   |       |       |     1 |       ||     1
         Poisonous Vapours |       |       |     6 |    57 ||    63
         Blink             |       |       |       |     6 ||     6
Ability: Evoke Blink       |       |       |     1 |     1 ||     2
  Evoke: Wand              |       |       |    15 |     7 ||    22
    Use: Potion            |       |     3 |       |       ||     3
         Scroll            |       |       |    13 |     3 ||    16
   Stab: Sleeping          |     8 |       |       |       ||     8
 Armour: Robe              |     7 |    16 |     9 |       ||    32
         Skin              |       |    14 |       |       ||    14
         Animal skin       |       |       |    24 |    49 ||    73
  Dodge: Dodged            |    86 |   139 |   314 |   547 ||  1086
  Block: Other             |     1 |    49 |    84 |   119 ||   253
         Reflection        |       |     7 |     3 |     6 ||    16

Table legend: (Time is in decaauts)
 A = Elapsed time spent in this place.
 B = Non-inter-level travel time spent in this place.
 C = Inter-level travel time spent in this place.
 D = Time resting spent in this place.
 E = Time spent auto-exploring this place.
 F = Levels seen in this place.
 G = Mean time per level.
                   A        B        C        D        E       F      G
               +--------+--------+--------+--------+--------+-----+--------+
         Total |  12713 |  12275 |    438 |    187 |   7334 |  14 |  908.1 |
       Dungeon |  12713 |  12275 |    438 |    187 |   7334 |  14 |  908.1 |
               +--------+--------+--------+--------+--------+-----+--------+

Top non-repeatable levels by time:
     D:3: 1393 daAuts
     D:8: 1317 daAuts
     D:4: 1109 daAuts
     D:5: 1083 daAuts
     D:6: 1052 daAuts
     D:9: 989 daAuts
    D:13: 939 daAuts
    D:10: 831 daAuts
    D:12: 788 daAuts
    D:11: 745 daAuts
     D:7: 684 daAuts
     D:1: 675 daAuts
     D:2: 648 daAuts
    D:14: 454 daAuts
